[ AOE2 MATCH · #505244480 ]
UnrankedJapanese vs Turks
Player's team · LOSS
Rival team · WIN
[ REPLAY ANALYSIS · EXTRACTED FROM THE RECORDED GAME ]
Feudal
12:22
Castle
20:48
Imperial
—
| APM avg | 55.7 |
| APM peak | 92 |
| eAPM avg | 21.6 |
| Villagers / military | 83 / 76 |
Focus
⚔️ 41.0% · 🌾 59.0%
Cavalry Archer ×60 · Archer ×6 · Mangonel ×5 · Militia ×3 · Skirmisher ×2
Feudal
8:59
Castle
20:32
Imperial
—
| APM avg | 59.1 |
| APM peak | 91 |
| eAPM avg | 27.4 |
| Villagers / military | 89 / 53 |
Focus
⚔️ 32.2% · 🌾 67.8%
Archer ×48 · Mangonel ×5
Match map
Initial resources + every placement click. Lines = walls · curves = elevation contours. ◆ gold · ⬟ stone · ● berries · ✦ relic · ◌ wall gap
Your base· ✓ Closed at 20:48 · 50t walls · no gate
I believe I can fly's base· Open — opponent sealed themselves in
Smoothed initial terrain · ◌ = detected wall gap · hover for details
Inputs per minute
— *** - - I believe I can fly
Build order — ***
First 150 of 232 actions detected
| 0:00 | Queue | Villager (Male) |
| 0:01 | Queue | Villager (Male) |
| 0:02 | Build | House |
| 0:03 | Build | House |
| 0:07 | Queue | Villager (Male) |
| 0:07 | Queue | Villager (Male) |
| 1:24 | Queue | Villager (Male) |
| 1:24 | Queue | Villager (Male) |
| 2:01 | Queue | Villager (Male) |
| 2:02 | Queue | Villager (Male) |
| 2:42 | Queue | Villager (Male) |
| 2:44 | Build | Lumber Camp |
| 2:45 | Queue | Villager (Male) |
| 3:07 | Queue | Villager (Male) |
| 3:19 | Queue | Villager (Male) |
| 3:37 | Queue | Villager (Male) |
| 3:37 | Queue | Villager (Male) |
| 3:47 | Build | House |
| 4:00 | Queue | Villager (Male) |
| 4:34 | Queue | Villager (Male) |
| 4:52 | Queue | Villager (Male) |
| 5:01 | Build | Barracks |
| 5:25 | Queue | Villager (Male) |
| 5:31 | Build | House |
| 5:45 | Queue | Militia |
| 5:47 | Queue | Villager (Male) |
| 6:09 | Queue | Militia |
| 6:13 | Build | House |
| 6:14 | Queue | Villager (Male) |
| 6:34 | Queue | Militia |
| 6:40 | Queue | Villager (Male) |
| 6:46 | Build | Palisade Wall |
| 6:51 | Queue | Villager (Male) |
| 7:10 | Queue | Villager (Male) |
| 7:31 | Queue | Villager (Male) |
| 7:37 | Build | House |
| 7:39 | Queue | Villager (Male) |
| 7:48 | Build | Mill |
| 8:14 | Queue | Villager (Male) |
| 8:19 | Build | Mill |
| 8:38 | Queue | Villager (Male) |
| 9:08 | Queue | Villager (Male) |
| 9:12 | Build | Palisade Wall |
| 9:15 | Build | Farm |
| 9:15 | Build | Farm |
| 9:16 | Build | Farm |
| 9:17 | Build | Farm |
| 9:33 | Research | Loom |
| 9:36 | Build | Farm |
| 10:12 | Research | Feudal Age |
| 10:31 | Build | Palisade Wall |
| 10:40 | Build | Palisade Wall |
| 10:44 | Build | Palisade Wall |
| 10:49 | Build | Mining Camp |
| 11:34 | Build | Farm |
| 12:02 | Build | Palisade Wall |
| 12:12 | Build | House |
| 12:22 | Age | Feudal Age |
| 12:25 | Build | Archery Range |
| 12:25 | Queue | Villager (Male) |
| 12:34 | Research | Double-Bit Axe |
| 12:39 | Build | Palisade Wall |
| 12:45 | Queue | Villager (Male) |
| 12:56 | Queue | Villager (Male) |
| 13:12 | Queue | Skirmisher |
| 13:18 | Queue | Villager (Male) |
| 13:31 | Queue | Villager (Male) |
| 13:39 | Research | Horse Collar |
| 13:44 | Build | Lumber Camp |
| 13:48 | Queue | Villager (Male) |
| 13:55 | Queue | Archer |
| 13:58 | Queue | Villager (Male) |
| 14:11 | Queue | Archer |
| 14:18 | Queue | Archer |
| 14:36 | Queue | Villager (Male) |
| 14:42 | Build | Blacksmith |
| 14:45 | Queue | Villager (Male) |
| 14:47 | Queue | Archer |
| 15:03 | Build | Farm |
| 15:10 | Queue | Villager (Male) |
| 15:16 | Build | House |
| 15:28 | Build | Farm |
| 15:30 | Build | Farm |
| 15:32 | Queue | Villager (Male) |
| 15:48 | Build | Market |
| 15:54 | Queue | Villager (Male) |
| 16:04 | Research | Fletching |
| 16:06 | Queue | Skirmisher |
| 16:09 | Build | Farm |
| 16:10 | Queue | Villager (Male) |
| 16:24 | Queue | Villager (Male) |
| 16:26 | Build | Farm |
| 16:27 | Build | Farm |
| 16:48 | Build | House |
| 16:48 | Queue | Villager (Male) |
| 16:50 | Queue | Archer |
| 16:52 | Build | Farm |
| 17:17 | Queue | Archer |
| 17:20 | Build | House |
| 17:38 | Queue | Villager (Male) |
| 18:08 | Research | Castle Age |
| 18:33 | Build | Stable |
| 18:37 | Research | Gold Mining |
| 18:56 | Build | Archery Range |
| 18:58 | Build | Archery Range |
| 19:11 | Research | Padded Archer Armor |
| 19:24 | Build | Palisade Wall |
| 19:41 | Build | Farm |
| 20:05 | Research | Bloodlines |
| 20:12 | Queue | Villager (Male) |
| 20:48 | Age | Castle Age |
| 20:49 | Queue | Villager (Male) |
| 20:53 | Build | Siege Workshop |
| 20:55 | Queue | Villager (Male) |
| 21:15 | Research | Bodkin Arrow |
| 21:19 | Queue | Cavalry Archer |
| 21:19 | Queue | Cavalry Archer |
| 21:19 | Queue | Cavalry Archer |
| 21:31 | Queue | Mangonel |
| 21:40 | Research | Town Watch |
| 21:41 | Queue | Cavalry Archer |
| 21:41 | Queue | Cavalry Archer |
| 21:42 | Queue | Cavalry Archer |
| 21:46 | Queue | Villager (Male) |
| 21:54 | Build | University |
| 21:58 | Queue | Villager (Male) |
| 22:09 | Queue | Cavalry Archer |
| 22:10 | Queue | Cavalry Archer |
| 22:10 | Queue | Cavalry Archer |
| 22:17 | Queue | Villager (Male) |
| 22:24 | Queue | Villager (Male) |
| 22:34 | Queue | Cavalry Archer |
| 22:40 | Queue | Cavalry Archer |
| 22:40 | Queue | Cavalry Archer |
| 22:44 | Research | Husbandry |
| 22:49 | Queue | Villager (Male) |
| 22:51 | Queue | Cavalry Archer |
| 23:24 | Research | Ballistics |
| 23:31 | Queue | Cavalry Archer |
| 23:31 | Queue | Cavalry Archer |
| 23:55 | Queue | Cavalry Archer |
| 23:55 | Queue | Cavalry Archer |
| 23:59 | Build | House |
| 24:02 | Queue | Cavalry Archer |
| 24:14 | Build | Palisade Wall |
| 24:14 | Build | Palisade Wall |
| 24:22 | Queue | Villager (Male) |
| 24:31 | Queue | Villager (Male) |
| 24:32 | Queue | Cavalry Archer |
| 24:32 | Queue | Cavalry Archer |
Build order — I believe I can fly
First 150 of 258 actions detected
| 0:00 | Queue | Villager (Male) |
| 0:01 | Queue | Villager (Male) |
| 0:02 | Build | House |
| 0:03 | Build | House |
| 0:23 | Queue | Villager (Male) |
| 0:26 | Queue | Villager (Male) |
| 1:30 | Build | Lumber Camp |
| 1:32 | Queue | Villager (Male) |
| 1:33 | Queue | Villager (Male) |
| 2:01 | Queue | Villager (Male) |
| 2:01 | Queue | Villager (Male) |
| 2:27 | Queue | Villager (Male) |
| 2:53 | Queue | Villager (Male) |
| 3:09 | Queue | Villager (Male) |
| 3:38 | Queue | Villager (Male) |
| 3:54 | Queue | Villager (Male) |
| 3:58 | Build | House |
| 4:25 | Build | Mill |
| 4:33 | Queue | Villager (Male) |
| 4:33 | Queue | Villager (Male) |
| 4:49 | Queue | Villager (Male) |
| 5:42 | Queue | Villager (Male) |
| 5:45 | Research | Loom |
| 6:49 | Research | Feudal Age |
| 7:12 | Build | Mining Camp |
| 7:39 | Build | Barracks |
| 7:48 | Build | House |
| 8:01 | Queue | Villager (Male) |
| 8:26 | Build | Palisade Wall |
| 8:28 | Build | Palisade Wall |
| 8:30 | Build | Palisade Wall |
| 8:31 | Build | Palisade Wall |
| 8:34 | Build | Palisade Wall |
| 8:43 | Queue | Villager (Male) |
| 8:59 | Age | Feudal Age |
| 9:16 | Queue | Villager (Male) |
| 9:28 | Build | Archery Range |
| 9:33 | Build | Palisade Wall |
| 9:41 | Build | House |
| 9:41 | Queue | Villager (Male) |
| 9:58 | Build | House |
| 10:16 | Build | Palisade Wall |
| 10:18 | Queue | Archer |
| 10:22 | Build | Mill |
| 10:23 | Queue | Villager (Male) |
| 10:30 | Build | House |
| 10:52 | Build | Blacksmith |
| 10:54 | Queue | Villager (Male) |
| 10:57 | Queue | Archer |
| 11:10 | Research | Double-Bit Axe |
| 11:13 | Build | Palisade Wall |
| 11:14 | Build | Palisade Wall |
| 11:18 | Queue | Villager (Male) |
| 11:28 | Queue | Archer |
| 11:43 | Build | House |
| 11:44 | Queue | Villager (Male) |
| 12:10 | Queue | Archer |
| 12:12 | Queue | Villager (Male) |
| 12:14 | Build | Farm |
| 12:14 | Build | Farm |
| 12:25 | Build | Farm |
| 12:27 | Queue | Villager (Male) |
| 12:41 | Build | Farm |
| 12:51 | Queue | Archer |
| 12:57 | Build | House |
| 13:07 | Build | Farm |
| 13:11 | Build | Palisade Wall |
| 13:13 | Build | Palisade Wall |
| 13:13 | Queue | Villager (Male) |
| 13:22 | Build | House |
| 13:30 | Queue | Archer |
| 13:33 | Build | Farm |
| 13:33 | Queue | Villager (Male) |
| 13:59 | Build | Farm |
| 14:00 | Build | Farm |
| 14:06 | Queue | Villager (Male) |
| 14:07 | Research | Fletching |
| 14:15 | Queue | Archer |
| 14:27 | Queue | Archer |
| 14:29 | Build | Farm |
| 14:30 | Queue | Villager (Male) |
| 14:51 | Build | Palisade Wall |
| 14:54 | Queue | Villager (Male) |
| 14:58 | Build | Farm |
| 15:07 | Queue | Archer |
| 15:15 | Queue | Villager (Male) |
| 15:22 | Build | Farm |
| 15:40 | Queue | Villager (Male) |
| 15:45 | Build | Farm |
| 15:53 | Queue | Archer |
| 16:11 | Queue | Villager (Male) |
| 16:14 | Build | Farm |
| 16:26 | Build | Palisade Wall |
| 16:29 | Queue | Villager (Male) |
| 16:32 | Build | House |
| 16:40 | Queue | Archer |
| 16:49 | Research | Horse Collar |
| 16:54 | Build | Farm |
| 17:01 | Queue | Villager (Male) |
| 17:05 | Build | House |
| 17:19 | Queue | Archer |
| 17:27 | Queue | Villager (Male) |
| 17:30 | Build | Lumber Camp |
| 17:50 | Build | House |
| 17:52 | Research | Castle Age |
| 18:22 | Queue | Archer |
| 18:35 | Build | House |
| 18:50 | Build | Archery Range |
| 19:01 | Research | Padded Archer Armor |
| 19:05 | Queue | Archer |
| 19:13 | Research | Gold Mining |
| 19:16 | Research | Horse Collar |
| 19:27 | Build | House |
| 19:30 | Queue | Archer |
| 19:42 | Queue | Archer |
| 19:54 | Research | Gold Mining |
| 20:01 | Queue | Archer |
| 20:20 | Queue | Villager (Male) |
| 20:24 | Queue | Archer |
| 20:32 | Age | Castle Age |
| 20:34 | Research | Crossbowman (upgrade) |
| 20:35 | Research | Bodkin Arrow |
| 20:35 | Research | Bodkin Arrow |
| 20:43 | Build | University |
| 20:47 | Queue | Archer |
| 20:51 | Queue | Villager (Male) |
| 21:26 | Queue | Archer |
| 21:27 | Queue | Villager (Male) |
| 21:27 | Queue | Villager (Male) |
| 21:31 | Queue | Archer |
| 21:44 | Build | House |
| 21:53 | Research | Ballistics |
| 22:00 | Research | Bow Saw |
| 22:01 | Queue | Archer |
| 22:06 | Build | Farm |
| 22:06 | Build | Farm |
| 22:07 | Queue | Villager (Male) |
| 22:20 | Build | Lumber Camp |
| 22:22 | Queue | Archer |
| 22:23 | Queue | Villager (Male) |
| 22:30 | Build | House |
| 22:34 | Queue | Archer |
| 22:47 | Queue | Archer |
| 22:55 | Build | Farm |
| 22:56 | Queue | Villager (Male) |
| 23:03 | Queue | Archer |
| 23:05 | Queue | Villager (Male) |
| 23:15 | Research | Padded Archer Armor |
| 23:17 | Queue | Archer |
| 23:19 | Build | House |
Match timeline
| 5:01 | *** · first_building Barracks |
| 6:46 | *** · wall_segment Palisade Wall x6 |
| 7:39 | I believe I can fly · first_building Barracks |
| 8:26 | I believe I can fly · wall_segment Palisade Wall x1 |
| 8:28 | I believe I can fly · wall_segment Palisade Wall x1 |
| 8:30 | I believe I can fly · wall_segment Palisade Wall x1 |
| 8:31 | I believe I can fly · wall_segment Palisade Wall x1 |
| 8:34 | I believe I can fly · wall_segment Palisade Wall x1 |
| 8:59 | I believe I can fly · age_up feudal |
| 9:12 | *** · wall_segment Palisade Wall x4 |
| 9:28 | I believe I can fly · first_building Archery Range |
| 9:33 | I believe I can fly · wall_segment Palisade Wall x1 |
| 10:16 | I believe I can fly · wall_segment Palisade Wall x3 |
| 10:31 | *** · wall_segment Palisade Wall x10 |
| 10:40 | *** · wall_segment Palisade Wall x9 |
| 10:44 | *** · wall_segment Palisade Wall x15 |
| 11:13 | I believe I can fly · wall_segment Palisade Wall x1 |
| 11:14 | I believe I can fly · wall_segment Palisade Wall x1 |
| 12:02 | *** · wall_segment Palisade Wall x5 |
| 12:22 | *** · age_up feudal |
| 12:25 | *** · first_building Archery Range |
| 12:39 | *** · wall_segment Palisade Wall x2 |
| 13:11 | I believe I can fly · wall_segment Palisade Wall x1 |
| 13:13 | I believe I can fly · wall_segment Palisade Wall x1 |
| 14:51 | I believe I can fly · wall_segment Palisade Wall x11 |
| 16:26 | I believe I can fly · wall_segment Palisade Wall x10 |
| 17:41 | *** · first_market_sell 100 wood |
| 17:43 | *** · first_market_buy 100 food |
| 18:33 | *** · first_building Stable |
| 19:24 | *** · wall_segment Palisade Wall x1 |
| 20:32 | I believe I can fly · age_up castle |
| 20:48 | *** · age_up castle |
| 20:53 | *** · first_building Siege Workshop |
| 24:14 | *** · wall_segment Palisade Wall x1 |
| 24:14 | *** · wall_segment Palisade Wall x1 |
| 25:57 | I believe I can fly · first_building Siege Workshop |
| 26:31 | I believe I can fly · first_building Monastery |
| 32:14 | *** · resign |
[ AI ANALYSIS · 1 CREDIT ]
What really happened in this match?
Wolo.gg analyzes every decision: build order, eco, micro, common mistakes by bracket. Personalized analysis on WhatsApp or Discord in 30 seconds.
Civ guide
Japanese
Perfil
***